 Dungeon Crawl Stone Soup version 0.30-b1-2-g02819fbbbe (webtiles) character file.

Game seed: 13919773286711816663

4049 Arzdou the Cleaver (level 10, -16/93 HPs)
             Began as a Hill Orc Monk on May 7, 2023.
             Was a Priest of Okawaru.
             Demolished by Grum
             ... wielding a -2 halberd
              (17 damage)
             ... on level 8 of the Dungeon.
             The game lasted 00:14:33 (8476 turns).

Arzdou the Cleaver (Hill Orc Monk)                  Turns: 8476, Time: 00:14:34

Health: -16/93     AC: 17    Str: 25    XL:     10   Next: 24%
Magic:  12/14      EV: 13    Int: 10    God:    Okawaru [***...]
Gold:   501        SH:  0    Dex: 13    Spells: 9/9 levels left

rFire   . . .        C - +0 war axe
rCold   + + .        d - orb {light}
rNeg    . . .        p - +2 ice dragon scales
rPois   .            (no helmet)
rElec   .            (no cloak)
rCorr   .            (no gloves)
SInv    .            (no boots)
Will    .....        (no amulet)
Stlth   +            m - +6 ring of strength
HPRegen 0.35/turn    s - ring of protection from fire
MPRegen 0.14/turn

%: no passive effects
@: heroic, glowing
A: no striking features
a: Renounce Religion, Heroism


You were on level 8 of the Dungeon.
You worshipped Okawaru.
Okawaru was most pleased with you.
You visited 2 branches of the dungeon, and saw 9 of its levels.
You also visited: Sewer.

You collected 501 gold pieces.

Inventory:

Hand Weapons
 a - a +0 hand axe
 C - a +0 war axe (weapon)
Armour
 b - a +0 robe
 d - an orb of light (worn)
 p - +2 ice dragon scales (worn)
 H - a +0 scale mail
Jewellery
 m - a +6 ring of strength (left hand)
 n - a ring of flight
 r - a ring of willpower
 s - a ring of protection from fire (right hand)
 G - a ring of wizardry
Wands
 D - a wand of mindburst (13)
Scrolls
 e - 4 scrolls of identify {unknown}
 h - a scroll of fear {unknown}
 i - 3 scrolls of magic mapping {unknown}
 j - 2 scrolls of teleportation {unknown}
 l - a scroll of brand weapon {unknown}
 q - 3 scrolls of acquirement {unknown}
 t - 2 scrolls of vulnerability {unknown}
 u - 2 scrolls of blinking {unknown}
 x - a scroll of amnesia {unknown}
 y - a scroll of noise {unknown}
 E - 2 scrolls of poison {unknown}
 F - a scroll of enchant weapon {unknown}
Potions
 c - a potion of brilliance
 f - a potion of heal wounds {unknown}
 g - a potion of invisibility {unknown}
 k - 2 potions of mutation {unknown}
 o - a potion of degeneration
 w - a potion of ambrosia
 z - a potion of flight {unknown}
 A - a potion of attraction {unknown}
 B - 2 potions of might


   Skills:
 - Level 10.0(15.0) Fighting
 - Level 10.0(15.0) Axes
 - Level 10.0(15.0) Armour
 - Level 2.4(7.4) Dodging
 + Level 5.5 Invocations


You had 9 spell levels left.
You didn't know any spells.
Your spell library contained the following spells:

 Spells                   Type           Power      Damage    Failure   Level
 Dazzling Flash           Conj/Hex       0%         N/A       93%         3
 Agony                    Necr           0%         N/A       100%        5
 Fireball                 Conj/Fire      0%         3d3       100%        5
 Iskenderun's Battlesphe  Conj           0%         2d6       100%        5
 Silence                  Hex/Air        0%         N/A       100%        5
 Conjure Ball Lightning   Conj/Air       0%         3x3d6     100%        6
 Orb of Destruction       Conj           0%         9d5       100%        7


Dungeon Overview and Level Annotations

Branches:
Dungeon (8/15)             Temple (1/1) D:5            Lair (0/5) D:8
  Sewer (visited)

Altars:
Cheibriados
Dithmenos
Elyvilon
Fedhas
Hepliaklqana
Nemelex Xobeh
Okawaru
Qazlal
Ru
Sif Muna
Trog
Uskayaw
Wu Jian
Xom

Shops:
D:4 [   D:5 :

Annotations:
D:8 Grum


Message History

* * * LOW HITPOINT WARNING * * *
Your life force feels restored.
Your Invocations skill increases to level 5!
You hit the wolf.
The wolf is moderately wounded.
You slash the wolf! You barely miss the wolf.
The wolf bites you but does no damage. x2; The wolf closely misses you.
You barely miss the wolf.
The wolf is moderately wounded.
You barely miss the wolf. You slash the wolf!
You kill the wolf!
Okawaru accepts your kill. The wolf closely misses you. The wolf bites you.
* * * LOW HITPOINT WARNING * * *
Grum misses you. The wolf bites you.
* * * LOW HITPOINT WARNING * * *
The wolf bites you.
* * * LOW HITPOINT WARNING * * *
Grum misses you. The wolf barely misses you. The wolf closely misses you.
You slice Grum!!
Grum is heavily wounded.
You hit the wolf but do no damage. You hit the wolf.
The wolf bites you but does no damage. x2; Grum misses you.
You slash Grum!
Grum is severely wounded.
You closely miss the wolf. You slash the wolf!
The wolf bites you but does no damage. The wolf barely misses you.
Grum hits you with a -2 halberd!
* * * LOW HITPOINT WARNING * * *
The wolf bites you.
* * * LOW HITPOINT WARNING * * *
The wolf misses you.
Okay, then.
Okay, then.
As you read the scroll labelled JADDUO FOWOHAM, it crumbles to dust.
The creatures around you are filled with an inner flame!
It was a scroll of immolation.
The wolf bites you but does no damage. x2
Grum hits you with a -2 halberd!
You die...

....#.##..).......#.....##
.##.#.##.......[.........#
.........................#
..#...........####.......#
..##.......##.# ....#
.......###.##.## ##...#
.......# #..#[.# #...#
.#.....# ##....####.#
.......# ###...@...#
.......#### #..hhg..#
..........# #......#.......
..........###..............
...........##......#.......
####...............#.....[.
#......###.......?......
#..)...# ########..[....
######## .......


You could see Grum (inner flame) and 2 wolves.

Vanquished Creatures
  Prince Ribbit (D:6)
  Sigmund (D:5)
  3 yaks (D:6)
  Eustachio (D:5)
  A wyvern (D:8)
  3 water moccasins
  4 orc warriors
  An ice beast (D:7)
  2 wolves (D:8)
  A centaur (D:7)
  A phantom (D:5)
  2 bullfrogs (Sewer)
  2 gnoll sergeants
  5 scorpions
  8 wights
  3 hounds
  4 orc priests
  2 sleepcaps
  A gnoll bouda (D:7)
  2 iguanas
  7 orc wizards
  7 adders
  13 gnolls
  A white imp (D:7)
  2 ufetubi (D:5)
  4 worms
  3 dart slugs
  30 orcs
  20 endoplasms
  13 giant cockroaches
  6 goblins
  7 hobgoblins
  10 jackals
  7 kobolds
  17 quokkas
  11 ball pythons
  11 bats
  8 frilled lizards
  5 rats
230 creatures vanquished.

Vanquished Creatures (others)
  4 toadstools (D:5)
4 creatures vanquished.

Grand Total: 234 creatures vanquished

Notes
Turn   | Place    | Note
-------+----------+-------------------------------------------
     0 | D:1      | Arzdou the Hill Orc Monk began the quest for the Orb.
     0 | D:1      | Reached XP level 1. HP: 19/19 MP: 1/1
   105 | D:1      | Reached XP level 2. HP: 24/27 MP: 2/2
   460 | D:1      | Reached skill level 5 in Axes
   603 | D:1      | Reached XP level 3. HP: 7/33 MP: 3/3
  1385 | D:2      | Reached XP level 4. HP: 33/40 MP: 4/4
  2199 | D:3      | Found a glowing drain.
  2203 | Sewer    | Entered a sewer
  2530 | Sewer    | Reached XP level 5. HP: 46/46 MP: 5/5
  2662 | Sewer    | Reached XP level 6. HP: 12/52 MP: 6/6
  2805 | Sewer    | Identified the +1 dagger "Soanwy" {freeze, Contam rElec
                  | MP+9 Str+5}
  3410 | D:4      | Found Doqicuc's Armour Shop.
  3568 | D:4      | Reached skill level 10 in Axes
  3568 | D:4      | Reached XP level 7. HP: 56/60 MP: 7/7
  3777 | D:4      | Reached skill level 5 in Fighting
  3798 | D:4      | Found a snail-covered altar of Cheibriados.
  3840 | D:4      | Found a hide-covered altar of Uskayaw.
  4125 | D:5      | Entered Level 5 of the Dungeon
  4477 | D:5      | Reached XP level 8. HP: 57/73 MP: 8/8
  4539 | D:5      | Found a staircase to the Ecumenical Temple.
  4552 | Temple   | Entered the Ecumenical Temple
  4673 | Temple   | Became a worshipper of Warmaster Okawaru
  4673 | Temple   | Reached * piety under Okawaru
  4673 | Temple   | Reached ** piety under Okawaru
  4768 | D:5      | Noticed Sigmund
  4780 | D:5      | Killed Sigmund
  4830 | D:5      | Noticed Eustachio
  4849 | D:5      | Killed Eustachio
  4993 | D:5      | Found Ylia's Tiny Tomes.
  5367 | D:6      | Noticed Prince Ribbit
  5398 | D:6      | Killed Prince Ribbit
  5399 | D:6      | Reached skill level 10 in Fighting
  5629 | D:6      | Reached XP level 9. HP: 8/84 MP: 9/9
  5924 | D:6      | Reached skill level 5 in Armour
  6877 | D:5      | Noticed a rust devil
  6877 | D:5      | Noticed a rust devil
  7715 | D:7      | Reached *** piety under Okawaru
  7716 | D:7      | Reached XP level 10. HP: 78/93 MP: 10/10
  7786 | D:7      | Found a sand-covered staircase.
  7822 | D:7      | Reached skill level 10 in Armour
  7828 | D:7      | Reached skill level 1 in Invocations
  8240 | D:8      | Found a staircase to the Lair.
  8241 | D:8      | Noticed a fire crab
  8455 | D:8      | Noticed Grum
  8471 | D:8      | Reached skill level 5 in Invocations
  8475 | D:8      | HP: 4/93 [Grum/-2 halberd (7)]
  8475 | D:8      | HP: 1/93 [wolf[Grum] (3)]
  8476 | D:8      | Demolished by Grum

Illustrated notes

Levels and vault maps discovered:
D:1:      dpeg_arrival_fog, layout_basic
D:2:      layout_rooms
D:3:      layout_basic, gup_sewer_entry_bowl, grunt_ministairs_15
D:4:      layout_rooms, chequers_temple_overflow_statue_of_worship,
          serial_shops, shop, dk_noncrumbling_4
D:5:      cheibrodos_iron_armory, layout_basic,
          minmay_temple_entry_gardened_gates,
          nicolae_shop_i_like_small_books_too, minmay_gold_behind_fungi,
          nrook_uturn, uniq_sigmund, uniq_eustachio
D:6:      layout_cave_pods, uniq_prince_ribbit1
D:7:      layout_rooms, nicolae_ossuary_entry_ruins
D:8:      layout_rooms, kennysheep_vampire_church, minmay_lair_entry_lava,
          serial_shops, nicolae_shop_hallway_plus, uniq_grum
Temple:   nicolae_temple_slightly_damp_pantheon

Skill      XL: |  1  2  3  4  5  6  7  8  9 10 |
---------------+-------------------------------+-----
Axes           | 5 6 7 8 10 | 10.0
Fighting       | 4 7 10 | 10.0
Armour         | 4 9 10 | 10.0
Invocations    | 5 |  5.5
Dodging        | |  2.4

Action                     |  1- 3 |  4- 6 |  7- 9 | 10-12 || total
---------------------------+-------+-------+-------+-------++-------
  Melee: Hand axe          |   119 |   211 |   331 |       ||   661
         War axe           |       |       |    54 |    59 ||   113
 Invoke: Heroism           |       |       |     7 |     2 ||     9
    Use: Potion            |       |     1 |     3 |       ||     4
         Scroll            |       |       |       |     1 ||     1
 Armour: Robe              |    22 |    14 |       |       ||    36
         Ice dragon scales |       |    28 |   148 |    45 ||   221
  Dodge: Dodged            |    97 |   101 |   167 |    43 ||   408
